 Dungeon Crawl Stone Soup version 0.24.0 (webtiles) character file.

Game seed: 17696228230460740977, levelgen mode: deterministic

33 Faels the Skirmisher (level 3, 0/33 HPs)
             Began as a Minotaur Fighter on Feb 1, 2020.
             Succumbed to a kobold's poison
             ... on level 1 of the Dungeon.
             The game lasted 00:04:24 (789 turns).

Faels the Skirmisher (Minotaur Fighter)              Turns: 789, Time: 00:04:25

Health: 0/33       AC:  9    Str: 21    XL:     3   Next: 12%
Magic:  2/2        EV:  5    Int:  5    God:
Gold:   75         SH: 12    Dex:  9    Spells: 2/2 levels left

rFire    . . .     SeeInvis .   m - +1 whip (elec)
rCold    . . .     Gourm    .   c - +3 shield
rNeg     . . .     Faith    .   o - +0 chain mail
rPois    .         Spirit   .   (helmet restricted)
rElec    .         Reflect  .   (no cloak)
rCorr    .         Harm     .   (no gloves)
MR       .....                  (no boots)
Stlth    ..........             (no amulet)
HPRegen  0.11/turn              (no ring)
MPRegen  0.08/turn              (no ring)

@: lethally poisoned (0 -> -12), flying, lightly drained
A: retaliatory headbutt, horns 2
a: no special abilities


You were on level 1 of the Dungeon.
You were not hungry.

You visited 1 branch of the dungeon, and saw 2 of its levels.

You collected 75 gold pieces.

Inventory:

Hand Weapons
 a - a +0 war axe
 g - a +0 dagger of draining
 m - a +1 whip of electrocution (weapon)
Armour
 b - a +0 scale mail
 c - a +3 shield (worn)
 o - a +0 chain mail (worn)
Scrolls
 e - a scroll of fog {unknown}
 h - a scroll of blinking {unknown}
 j - 2 scrolls of remove curse {unknown}
 n - 2 scrolls of identify {unknown}
Potions
 d - a potion of might
 i - a potion of berserk rage {unknown}
 l - a potion of heal wounds {unknown}
 p - a potion of flight
 q - a potion of lignification {unknown}
 r - a potion of degeneration {unknown}
Comestibles
 f - 2 rations
 k - 2 chunks of flesh


   Skills:
 + Level 4.0(3.8) Fighting
 - Level 3.0 Axes
 * Level 1.4(2.2) Maces & Flails
 - Level 3.6(3.4) Armour
 + Level 1.2(1.0) Dodging
 - Level 3.6(3.4) Shields


You had 2 spell levels left.
You didn't know any spells.
Your spell library was empty.

Dungeon Overview and Level Annotations

Branches:
Dungeon (2/15)

Altars:


Innate Abilities, Weirdness & Mutations

You reflexively headbutt those who attack you in melee.
You have a pair of horns on your head.


Message History

You see here a stone.
You feel sick. The gnoll hits you but does no damage. Space bends around you.
You block the kobold's attack.
You climb upwards.
You feel sick.
There is a stone staircase leading down here.
You whack the gnoll! Your headbutt misses the gnoll.
The gnoll is heavily wounded.
You block the kobold's attack. You block the gnoll's attack.
Your shield prevents you from hitting the gnoll.
The gnoll is heavily wounded.
You feel sick. The kobold hits you but does no damage.
You are more poisoned.
The gnoll hits you with a +1 halberd of distortion.
Space warps horribly around you!
* * * LOW HITPOINT WARNING * * *
You don't know any spells.
It was a potion of flight.
You feel very buoyant.
You fly up into the air.
You die...

...#..# #..##.#.......# ##...##
..##.### ##.#####......###....#.
.......#####..####..#....#.....#.
.................####.#..#...###.
....##[######..#.# ####.....##..
.......# ##.#.# #########..#
......÷#######...# #.........##
...............K.# #.#########
..≈...########..@### #.# ..[..##
#.#.g.###.# ≈....# #.###...#.#
≈....# #.# ###...# .....## #.#
##### ..≈...# #.# ......# #.#
......# ### ##....#


You could see a gnoll and a kobold.

Vanquished Creatures
  An ooze (D:1)
  A leopard gecko (D:1)
  3 bats (D:1)
  2 giant cockroaches (D:1)
  7 hobgoblins (D:1)
  3 kobolds (D:1)
  2 ball pythons (D:1)
  A frilled lizard (D:1)
  A goblin (D:1)
  5 rats (D:1)
26 creatures vanquished.

Notes
Turn   | Place    | Note
-------+----------+-------------------------------------------
     0 | D:1      | Faels the Minotaur Fighter began the quest for the Orb.
     0 | D:1      | Reached XP level 1. HP: 19/19 MP: 0/0
   216 | D:1      | Reached XP level 2. HP: 26/27 MP: 1/1
   374 | D:1      | Reached skill level 1 in Dodging
   430 | D:1      | Reached skill level 4 in Fighting
   430 | D:1      | Reached skill level 1 in Maces & Flails
   552 | D:1      | Reached XP level 3. HP: 33/33 MP: 2/2
   788 | D:1      | HP: 1/33 [gnoll/+1 halberd of distortion (11)]
   789 | D:1      | Succumbed to a kobold's poison

Levels and vault maps discovered:
D:1:      dpeg_arrival_arbitrary_a, layout_basic, corexii_leaking_fountain,
          minmay_misc_feat_roman, skrybe_limestone_x, hangedman_decor_lopped
D:2:      minmay_recursive_quarters, layout_loops_ring
